 Dungeon Crawl Stone Soup version 0.30.1-11-g7821555f0a (webtiles) character file.

Game seed: 10745988085038684276

42 porpoise the Shooter (level 3, -6/31 HPs)
             Began as a Minotaur Hunter on Dec 28, 2023.
             Mangled by Sigmund
             ... wielding a +0 scythe
              (7 damage)
             ... on level 2 of the Dungeon.
             The game lasted 00:02:40 (740 turns).

porpoise the Shooter (Minotaur Hunter)               Turns: 740, Time: 00:02:40

Health: -6/31      AC:  5    Str: 15    XL:     3   Next: 35%
Magic:  2/2        EV: 11    Int:  6    God:
Gold:   60         SH:  0    Dex: 15    Spells: 2/2 levels left

rFire   . . .        (no weapon)
rCold   . . .        (no shield)
rNeg    . . .        f - +0 ring mail
rPois   .            (helmet restricted)
rElec   .            (no cloak)
rCorr   .            (no gloves)
SInv    .            (no boots)
Will    .....        (no amulet) Stlth
                     (no ring)
HPRegen 0.25/turn    (no ring)
MPRegen 0.08/turn

%: no passive effects
@: confused, flying
A: horns 2, retaliatory headbutt
a: no special abilities


You were on level 2 of the Dungeon.
You visited 1 branch of the dungeon, and saw 2 of its levels.

You collected 60 gold pieces.

Inventory:

Hand Weapons
 a - a +0 shortbow
Missiles
 g - 6 poisoned darts
Armour
 f - a +0 ring mail (worn)
Scrolls
 b - 2 scrolls of immolation
 c - a scroll of teleportation {unknown}
 e - a scroll of identify {unknown}
Potions
 d - 2 potions of flight


   Skills:
 + Level 3.2 Fighting
 * Level 5.3 Ranged Weapons
 + Level 0.2 Armour
 - Level 2.1 Dodging
 - Level 0.7 Stealth


You had 2 spell levels left.
You didn't know any spells.
Your spell library contained the following spells:

 Spells                   Type           Power      Damage    Failure   Level
 Magic Dart               Conj           0%         1d3       69%         1
 Sandblast                Erth           0%         2d4       69%         1
 Call Imp                 Summ           0%         N/A       83%         2
 Cigotuvi's Dreadful Rot  Necr/Pois/Air  0%         N/A       83%         2
 Mephitic Cloud           Conj/Pois/Air  0%         N/A       96%         3
 Portal Projectile        Hex/Tloc       0%         N/A       96%         3
 Tukima's Dance           Hex            0%         N/A       96%         3
 Blade Hands              Tmut           0%         N/A       100%        5
 Summon Forest            Summ/Tloc      0%         N/A       100%        5
 Eringya's Noxious Bog    Tmut/Pois      0%         N/A       100%        6
 Summon Hydra             Summ           0%         N/A       100%        7
 Lehudib's Crystal Spear  Conj/Erth      0%         10d2      100%        8
 Death's Door             Necr           0%         N/A       100%        9


Dungeon Overview and Level Annotations

Branches:
Dungeon (2/15)

Altars:

Annotations:
D:2 Sigmund


Innate Abilities, Weirdness & Mutations

You have a pair of horns on your head.
You reflexively headbutt those who attack you in melee.


Message History

Sigmund is moderately wounded.
Sigmund barely misses you.
You shoot an arrow. The arrow hits Sigmund.
Sigmund is heavily wounded.
Sigmund misses you.
You shoot an arrow. The arrow closely misses Sigmund.
Sigmund casts a spell.
Sigmund flickers and vanishes!
Deactivating autopickup; reactivate with Ctrl-A.
No target in view!
No target in view!
Fire: a) +0 shortbow
Press: ? - help, Q - select action, (/) - cycle Shift-Dir - straight line You shoot an arrow.
You hear some strange, mumbled words.
A puff of flame appears from out of thin air!
The puff of flame hits you!
Fire: a) +0 shortbow
Press: ? - help, Q - select action, (/) - cycle Shift-Dir - straight line You shoot an arrow.
Something hits you!
Unknown command.
Fire: a) +0 shortbow
Press: ? - help, Q - select action, (/) - cycle Shift-Dir - straight line You shoot an arrow.
You hear some strange, mumbled words.
You are confused.
Unknown command.
Something hits you. Something hits you.
* * * LOW HITPOINT WARNING * * *
It was a potion of flight.
You feel very buoyant.
You fly up into the air.
You hear some strange, mumbled words.
A puff of flame appears from out of thin air!
The puff of flame hits you!
* * * LOW HITPOINT WARNING * * *
You are now empty-handed.
Something hits you!
You die...

##......# #......#
##.####.### .....#
#.†# #...### ...#
#.##
###...######.########
#.#
###.....#>.........
#.# #####.†..####...#
#.# ...........##...#
# ..# ###
########{#....####
.##....
#####.@.........
....###
#..........<..###
.......
..####.########
.###.## #. ....... #.
....... .. ....... ##
.....## .....#


There were no monsters in sight!

Vanquished Creatures
  A worm (D:2)
  A dart slug (D:2)
  4 bats
  3 endoplasms
  3 giant cockroaches
  4 hobgoblins
  2 quokkas (D:1)
  7 ball pythons
  2 frilled lizards
  6 kobolds
  3 rats (D:1)
36 creatures vanquished.

Notes
Turn   | Place    | Note
-------+----------+-------------------------------------------
     0 | D:1      | porpoise the Minotaur Hunter began the quest for the Orb.
     0 | D:1      | Reached XP level 1. HP: 18/18 MP: 0/0
    95 | D:1      | Reached XP level 2. HP: 25/25 MP: 1/1
   122 | D:1      | Got the Guide on the Fault and the Cemetery
   198 | D:1      | Reached skill level 5 in Ranged Weapons
   470 | D:2      | Reached XP level 3. HP: 27/31 MP: 2/2
   724 | D:2      | Noticed Sigmund
   739 | D:2      | HP: 1/31 [something/puff of flame (8)]
   740 | D:2      | Mangled by Sigmund

Illustrated notes

Levels and vault maps discovered:
D:1:      spicycebolla_green_bress_n_ham_2, layout_rooms, minmay_statues_item
D:2:      layout_rooms, uniq_sigmund

Skill      XL: |  1  2 |
---------------+-------+-----
Ranged Weapons | 5 |  5.3
Fighting       | 3 |  3.2
Armour         | |  0.2
Dodging        | |  2.1
Stealth        | |  0.7

Action                     || total
---------------------------++-------
   Fire: Shortbow          ||    91
    Use: Potion            ||     1
 Armour: Leather armour    ||     2
  Dodge: Dodged            ||    12
